 Dungeon Crawl Stone Soup version 0.29.1-2-gbd0b4ee654 (webtiles) character file.

Game seed: 3036275353211800523

42052 DemonSlayer the Thaumaturge (level 13, 0/95 HPs)
             Began as a Demonspawn Fire Elementalist on Nov 16, 2022.
             Was the Champion of Cheibriados.
             Slain by a reaper
             ... wielding a +1 scythe of freezing
              (22 damage)
             ... in an ice cave.
             The game lasted 00:44:58 (16929 turns).

DemonSlayer the Thaumaturge (DsFE)                 Turns: 16929, Time: 00:44:58

Health: 0/95       AC: 14    Str: 30    XL:     13   Next: 83%
Magic:  21/30      EV: 20    Int: 35    God:    Cheibriados [******]
Gold:   3172       SH:  0    Dex: 30    Spells: 7/39 levels left

rFire   . . .      SeeInvis .   l - +4 short sword (freeze)
rCold   + . .      Faith    .   (no shield)
rNeg    . . .      Spirit   .   y - +4 troll leather armour
rPois   .          Reflect  .   c - +1 helmet
rElec   .          Harm     .   B - +0 cloak
rCorr   +          Rampage  .   (no gloves)
Will    .....                   (no boots)
Stlth   +++++.....              b - amulet of the Louse {RegenMP Regen+ Str+2 Int+4}
HPRegen 1.85/turn               C - ring of resist corrosion
MPRegen 0.62/turn               I - ring of protection from cold

@: mighty, about to teleport, very slow
A: hooves 1, foul stench 2, powered by death 1, sharp scales 3
a: Renounce Religion, Bend Time, Temporal Distortion, Slouch, Step From Time


You were in an ice cave.
You worshipped Cheibriados.
Cheibriados was exalted by your worship.
You visited 3 branches of the dungeon, and saw 14 of its levels.
You also visited: Sewer, Bailey and Ice Cave.

You collected 3172 gold pieces.

Inventory:

Hand Weapons
 l - a +4 short sword of freezing (weapon)
Armour
 c - a +1 helmet (worn)
 y - a +4 troll leather armour (worn)
 B - a +0 cloak (worn)
Jewellery
 b - the amulet of the Louse (around neck) {RegenMP Regen+ Str+2 Int+4}
   (You acquired it on level 4 of the Dungeon)

   [amulet of magic regeneration]

   It increases your rate of magic regeneration.
   Str:       It affects your strength (+2).
   Int:       It affects your intelligence (+4).
   Regen:     It increases your rate of health regeneration.
 C - a ring of resist corrosion (left hand)
 F - a ring of positive energy
 H - a ring of poison resistance
 I - a ring of protection from cold (right hand)
 J - a ring of positive energy
Wands
 o - a wand of mindburst (5)
 p - a wand of polymorph (8)
 q - a wand of paralysis (6)
Scrolls
 a - 2 scrolls of enchant armour
 i - 8 scrolls of teleportation
 j - 4 scrolls of noise
 k - 2 scrolls of amnesia
 r - a scroll of magic mapping
Potions
 e - 3 potions of might
 f - 2 potions of cancellation
 g - a potion of brilliance
 h - 2 potions of ambrosia
 m - 3 potions of lignification
 s - a potion of magic
 t - 3 potions of mutation
 u - 7 potions of heal wounds
 v - 2 potions of invisibility
 w - a potion of resistance
 z - 3 potions of flight {unknown}
 A - 5 potions of attraction {unknown}
 E - 5 potions of curing
 G - a potion of berserk rage {unknown}


   Skills:
 + Level 6.6 Fighting
 + Level 5.4 Short Blades
 + Level 0.1 Throwing
 + Level 2.9 Armour
 + Level 7.8 Dodging
 + Level 8.4 Stealth
 + Level 13.7 Spellcasting
 + Level 3.2 Conjurations
 + Level 0.7 Hexes
 + Level 12.0 Fire Magic
 + Level 0.1 Ice Magic
 + Level 0.1 Evocations


You had 7 spell levels left.
You knew the following spells:

 Your Spells              Type           Power      Damage    Failure   Level
a - Foxfire               Conj/Fire      100%       2x1d9     1%          1
b - Scorch                Fire           100%       2d10      1%          2
c - Conjure Flame         Conj/Fire      67%        6-21      1%          3
d - Flame Wave            Conj/Fire      67%        2d15      1%          4
e - Tukima's Dance        Hex            29%        N/A       4%          3
f - Ensorcelled Hibernat  Hex/Ice        54%        N/A       2%          2
g - Confusing Touch       Hex            29%        N/A       4%          3
h - Mephitic Cloud        Conj/Pois/Air  31%        N/A       3%          3
i - Stone Arrow           Conj/Erth      70%        3d11      3%          3
j - Fulminant Prism       Conj/Hex       19%        3d11      9%          4
k - Iskenderun's Mystic   Conj/Tloc      35%        2d8       10%         4

Your spell library contained the following spells:

 Spells                   Type           Power      Damage    Failure   Level
 Sandblast                Erth           48%        2d12      1%          1
 Slow                     Hex            100%       N/A       1%          1
 Sting                    Tmut/Pois      96%        1d7       1%          1
 Inner Flame              Hex/Fire       62%        N/A       1%          3
 Passwall                 Tmut/Erth      20%        N/A       2%          2
 Poisonous Vapours        Pois/Air       48%        N/A       2%          2
 Portal Projectile        Hex/Tloc       52%        N/A       4%          3
 Swiftness                Air            24%        N/A       5%          3
 Vampiric Draining        Necr           24%        2d7       5%          3
 Corpse Rot               Necr/Pois/Air  24%        N/A       19%         4
 Passage of Golubria      Tloc           24%        N/A       19%         4
 Yara's Violent Unravell  Hex/Tmut       13%        3d7       41%         5
 Blade Hands              Tmut           12%        N/A       45%         5
 Lee's Rapid Deconstruct  Erth           12%        3d9*      45%         5
 Storm Form               Tmut/Air       12%        N/A       100%        7


Dungeon Overview and Level Annotations

Branches:
Dungeon (9/15)             Temple (1/1) D:6            Lair (4/5) D:8
  Swamp (0/4) Lair:3        Snake (0/4) Lair:2        Sewer (visited)
 Bailey (visited)           IceCv (1/1)
  Slime: Lair:4-5       Orc: D:9-12

Altars:
Ashenzari
Cheibriados
Dithmenos
Fedhas
Gozag
Hepliaklqana
Kikubaaqudgha
Makhleb
Nemelex Xobeh
Okawaru
Ru
Sif Muna
Uskayaw
Vehumet
Wu Jian
Xom
Yredelemnul

Annotations:
Lair:2 2 transporters, Jingleheimer's ghost, journeyman TrFi


Innate Abilities, Weirdness & Mutations

You have large cloven feet.
You sometimes emit foul miasma when damaged in melee.
You regenerate a little health from kills.
You are completely covered in razor-sharp scales. (AC +3, Slay +3)


Message History

Flames lash the reaper.
The reaper is burned terribly!
The reaper is moderately wounded.
The reaper barely misses you.
Flames lash the reaper but do no damage.
The reaper barely misses you.
Flames lash the reaper but do no damage.
The reaper barely misses you.
Flames lash the reaper.
The reaper is burned terribly!
The reaper is heavily wounded.
The reaper barely misses you.
You feel very mighty all of a sudden. The reaper completely misses you.
The reaper hits you with a +1 scythe of freezing!!
The reaper freezes you.
The reaper hits you with a +1 scythe of freezing.
You emit a cloud of foul miasma!
You barely miss the reaper.
The reaper is heavily wounded.
The reaper misses you.
You hit the reaper.
The reaper is heavily wounded.
The reaper hits you with a +1 scythe of freezing!!
* * * LOW HITPOINT WARNING * * *
The reaper freezes you.
* * * LOW HITPOINT WARNING * * *
Okay, then.
You feel much better.
The reaper hits you with a +1 scythe of freezing!!
* * * LOW HITPOINT WARNING * * *
The reaper freezes you.
* * * LOW HITPOINT WARNING * * *
You feel much better.
The reaper hits you with a +1 scythe of freezing!
* * * LOW HITPOINT WARNING * * *
The reaper freezes you.
* * * LOW HITPOINT WARNING * * *
As you read the scroll of teleportation, it crumbles to dust.
You feel strangely unstable.
The reaper hits you with a +1 scythe of freezing!!
You die...

# ..§.☼≈.###..## #..# #.
#.#○....#..## #..##
##..#.##......##[..##..#
#≈☼.#..###....# ... #..#
§§○.....#...## ... ##..
# ○§§☼....#...# #.. #..
#..####...#...# ##.#
##.. .§☼°..........#
#..###...
#§☼.☼○..@2.#..#
#...##..#
#☼#☼☼#.#..##.##
#.......# #. #.##.#..#
#..#...## ○ #. #....#
#..#..## .. ##..##
##..#### .. ..# #..##
#.. .## ##...# ##. .#
#...## ##..##


You could see a reaper (combustible).

Vanquished Creatures
  Nessos (Lair:3)
  Fannar (Lair:1)
  4 hydras
  A two-headed ogre (D:8)
  2 death yaks (Lair:1)
  An orc knight (Bailey)
  A deep elf pyromancer (Bailey)
  An elephant (Lair:2)
  3 black mambas (Lair:2)
  Joseph (D:7)
  2 ice statues (IceCv)
  A torpor snail (Lair:1)
  8 cane toads
  6 komodo dragons
  Maggie (D:6)
  2 rime drakes (Lair:4)
  6 ice devils (IceCv)
  A troll (D:9)
  A hornet (Lair:2)
  8 blink frogs (Lair:2)
  Sigmund (D:6)
  3 wyverns
  A wraith (D:9)
  36 yaks
  3 basilisks
  A death yak simulacrum (IceCv)
  A steam dragon (Lair:2)
  A naga (Lair:2)
  2 harpy simulacra (IceCv)
  Edmund (D:5)
  9 water moccasins
  8 orc warriors
  3 black bears
  2 ice beasts
  4 sky beasts
  2 ogres
  14 wolves
  A phantom (D:5)
  4 kobold brigands
  4 bullfrogs
  2 necrophages
  4 two-headed ogre simulacra (IceCv)
  A wyvern zombie (D:7)
  4 scorpions
  7 wights
  2 elephant simulacra (IceCv)
  16 killer bees
  An electric eel (Lair:2)
  9 howler monkeys
  A bullfrog zombie (D:7)
  A human zombie (D:7)
  4 hounds
  A jelly (D:7)
  Crazy Yiuf (D:2)
  3 centaur zombies (D:7)
  6 orc priests
  A gnoll bouda (D:9)
  An iron imp (D:7)
  11 orc wizards
  Natasha (thrice) (D:2)
  5 iguanas
  2 polar bear simulacra (IceCv)
  A troll simulacrum (IceCv)
  A spriggan simulacrum (IceCv)
  A wolf simulacrum (IceCv)
  2 killer bee zombies (D:7)
  A mummy (D:7)
  3 gnolls (D:9)
  13 adders
  2 naga simulacra (IceCv)
  4 river rats
  2 shadow imps
  A white imp (IceCv)
  4 ufetubi (IceCv)
  2 worms
  4 dart slugs
  38 orcs
  13 ball pythons
  7 endoplasms
  5 giant cockroaches
  11 goblins
  8 hobgoblins
  7 jackals
  16 kobolds
  A quokka (D:4)
  5 bats
  4 frilled lizards
  8 rats
403 creatures vanquished.

Vanquished Creatures (collateral kills)
  8 foxfires
8 creatures vanquished.

Vanquished Creatures (others)
  420 foxfires
  10 fungi
  15 plants
  4 toadstools (D:5)
449 creatures vanquished.

Grand Total: 860 creatures vanquished

Notes
Turn   | Place    | Note
-------+----------+-------------------------------------------
     0 | D:1      | DemonSlayer the Demonspawn Fire Elementalist began the
                  | quest for the Orb.
     0 | D:1      | Reached XP level 1. HP: 13/13 MP: 3/3
   290 | D:1      | Gained mutation: You are partially covered in razor-sharp
                  | scales. (AC +1, Slay +1) [demonic ancestry]
   290 | D:1      | Reached XP level 2. HP: 19/19 MP: 0/5
   528 | D:1      | Learned a level 2 spell: Scorch
   972 | D:1      | Reached XP level 3. HP: 22/24 MP: 3/6
  1216 | D:1      | Learned a level 3 spell: Conjure Flame
  1984 | D:2      | Found a blossoming altar of Fedhas.
  2169 | D:2      | Found a runed translucent door.
  2170 | D:2      | Noticed Crazy Yiuf
  2273 | D:2      | Noticed Natasha
  2282 | D:2      | Killed Natasha
  2283 | D:2      | Gained mutation: You are mostly covered in razor-sharp
                  | scales. (AC +2, Slay +2) [demonic ancestry]
  2283 | D:2      | Reached XP level 4. HP: 18/30 MP: 2/8
  2305 | D:2      | Noticed Natasha
  2488 | D:3      | Reached skill level 3 in Spellcasting
  2502 | D:3      | Found a glowing drain.
  2624 | Sewer    | Entered a sewer
  2627 | Sewer    | Noticed a kobold brigand
  2640 | Sewer    | Killed a kobold brigand
  2641 | Sewer    | Gained mutation: You regenerate a little health from kills.
                  | [demonic ancestry]
  2641 | Sewer    | Reached XP level 5. HP: 27/35 MP: 0/10
  3580 | Sewer    | Reached skill level 4 in Spellcasting
  3580 | Sewer    | Gained mutation: You may rarely emit foul miasma when
                  | damaged in melee. [demonic ancestry]
  3580 | Sewer    | Reached XP level 6. HP: 41/41 MP: 0/12
  4009 | Sewer    | Learned a level 4 spell: Flame Wave
  4445 | D:3      | Found a shimmering blue altar of Sif Muna.
  5817 | D:2      | Killed Natasha
  5897 | D:2      | Noticed Natasha
  5905 | D:2      | Killed Natasha
  6262 | D:2      | Killed Crazy Yiuf
  6578 | D:4      | Gained mutation: You are completely covered in razor-sharp
                  | scales. (AC +3, Slay +3) [demonic ancestry]
  6578 | D:4      | Reached XP level 7. HP: 44/46 MP: 0/14
  6689 | D:4      | Reached skill level 5 in Fire Magic
  6791 | D:4      | Reached skill level 5 in Spellcasting
  7512 | D:4      | Identified 3 scrolls of acquirement
  7512 | D:4      | Acquired 927 gold pieces
  7513 | D:4      | Acquired 1265 gold pieces
  7514 | D:4      | Acquired the amulet of the Louse {RegenMP Regen+ Str+2
                  | Int+4}
  7600 | D:4      | Learned a level 3 spell: Tukima's Dance
  7611 | D:5      | Entered Level 5 of the Dungeon
  7757 | D:5      | Noticed Edmund
  7766 | D:5      | Killed Edmund
  7767 | D:5      | Gained mutation: You have large cloven feet. [demonic
                  | ancestry]
  7767 | D:5      | Reached XP level 8. HP: 38/53 MP: 6/16
  7996 | D:5      | Found a burning altar of Makhleb.
  8137 | D:5      | Reached skill level 6 in Spellcasting
  8376 | D:5      | Reached skill level 5 in Dodging
  8376 | D:5      | Reached skill level 7 in Spellcasting
  8376 | D:5      | Reached XP level 9. HP: 65/65 MP: 17/20
  8377 | D:5      | Reached skill level 5 in Fighting
  8377 | D:5      | Reached skill level 8 in Spellcasting
  8377 | D:5      | Reached XP level 10. HP: 74/74 MP: 18/22
  8378 | D:5      | Reached skill level 5 in Short Blades
  8378 | D:5      | Reached skill level 9 in Spellcasting
  8378 | D:5      | Gained mutation: You sometimes emit foul miasma when
                  | damaged in melee. [demonic ancestry]
  8378 | D:5      | Reached XP level 11. HP: 82/82 MP: 18/24
  8475 | D:6      | Found a staircase to the Ecumenical Temple.
  8482 | Temple   | Entered the Ecumenical Temple
  8811 | D:6      | Noticed Maggie
  8811 | D:6      | Noticed Sigmund
  8826 | D:6      | Killed Maggie
  8899 | D:7      | Found a flagged portal.
  8918 | Bailey   | Entered a bailey
  9014 | Bailey   | Noticed an orc knight
  9026 | Bailey   | Killed an orc knight
  9108 | Bailey   | Found a large runed translucent door.
  9108 | Bailey   | Found a large runed translucent door.
  9109 | Bailey   | Noticed a deep elf pyromancer
  9207 | Bailey   | Killed a deep elf pyromancer
  9418 | D:7      | Found a snail-covered altar of Cheibriados.
  9509 | D:7      | Became a worshipper of Cheibriados the Contemplative
  9623 | D:7      | Noticed Joseph
  9633 | D:7      | Killed Joseph
  9731 | D:7      | Reached skill level 10 in Spellcasting
  9740 | D:7      | Found an ancient bone altar of Kikubaaqudgha.
  9884 | D:7      | Reached * piety under Cheibriados
 10117 | D:6      | Killed Sigmund
 10474 | D:6      | Learned a level 2 spell: Ensorcelled Hibernation
 10615 | D:8      | Found a staircase to the Lair.
 10687 | D:9      | Reached XP level 12. HP: 79/89 MP: 15/26
 10740 | D:9      | Reached ** piety under Cheibriados
 10970 | D:9      | Reached skill level 1 in Armour
 11082 | D:9      | Found an ornate altar of the Wu Jian Council.
 11474 | D:8      | Reached *** piety under Cheibriados
 11514 | D:8      | Reached skill level 10 in Fire Magic
 11727 | D:8      | Reached skill level 11 in Spellcasting
 12097 | D:8      | Noticed a two-headed ogre
 12102 | D:8      | Killed a two-headed ogre
 12313 | D:8      | Learned a level 3 spell: Confusing Touch
 12354 | Lair:1   | Entered Level 1 of the Lair of Beasts
 12401 | Lair:1   | Noticed a death yak
 12404 | Lair:1   | Noticed a death yak
 12414 | Lair:1   | Killed a death yak
 12414 | Lair:1   | Reached **** piety under Cheibriados
 12423 | Lair:1   | Killed a death yak
 12849 | Lair:1   | Got the Handbook of Contamination and Gusts
 12854 | Lair:1   | Noticed a five-headed hydra
 12877 | Lair:1   | Killed a five-headed hydra
 12964 | Lair:1   | Noticed Fannar
 12976 | Lair:1   | Killed Fannar
 13478 | Lair:1   | Learned a level 3 spell: Mephitic Cloud
 13606 | Lair:2   | Found a transporter.
 13612 | Lair:2   | Found a transporter.
 13656 | Lair:2   | Noticed Jingleheimer's ghost (journeyman TrFi)
 13660 | Lair:2   | Found a staircase to the Snake Pit.
 13697 | Lair:2   | Reached skill level 12 in Spellcasting
 13794 | Lair:2   | Reached XP level 13. HP: 74/94 MP: 16/29
 13800 | Lair:2   | Reached ***** piety under Cheibriados
 14978 | Lair:3   | Reached skill level 13 in Spellcasting
 15091 | Lair:3   | Found a staircase to the Swamp.
 15103 | Lair:3   | Noticed Nessos
 15111 | Lair:3   | Killed Nessos
 15863 | Lair:3   | Learned a level 3 spell: Stone Arrow
 15868 | Lair:3   | Learned a level 4 spell: Fulminant Prism
 15873 | Lair:3   | Learned a level 4 spell: Iskenderun's Mystic Blast
 15913 | Lair:4   | Found a frozen archway.
 16011 | IceCv    | Entered an ice cave
 16031 | IceCv    | Reached ****** piety under Cheibriados
 16912 | IceCv    | Noticed a reaper
 16927 | IceCv    | HP: 2/95 [reaper/+1 scythe of freezing (4)]
 16929 | IceCv    | Slain by a reaper

Illustrated notes

Levels and vault maps discovered:
D:1:      eino_arrival_druids_welcome, layout_loops_cross
D:2:      layout_loops_ring, basic_altar, chequers_serial_rivers_micro_e,
          minmay_misc_feat_alley, uniq_crazy_yiuf_cottage, uniq_natasha
D:3:      layout_basic, led_sif_book, portal_sewer_entry_a
D:4:      layout_gridville, minivault_25, guppyfry_early_lair_pool
D:5:      layout_loops_ring, kennysheep_little_box, minmay_curled_crystal,
          kennysheep_path_1, minmay_fountain_box, minmay_gold_behind_fungi,
          uniq_edmund
D:6:      layout_basic, minmay_temple_entry_purple_smoke, uniq_maggie,
          uniq_sigmund
D:7:      layout_rooms, slow_altar_1, lemuel_mausoleum_altar_kikubaaqudgha,
          enter_bailey_5, kennysheep_small_square, uniq_joseph
D:8:      layout_gridville, david_lair_generic
D:9:      layout_loops_ring, elyvilon_altar_5, lemuel_tele_altar
Temple:   dshaligram_water_room_temple
Lair:1:   layout_regular_city, infiniplex_staircase_pool_2, grunt_megastairs_1,
          serial_bayou_shore_b, uniq_fannar
Lair:2:   layout_cave_pods, guppyfry_snake_entry_island,
          gammafunk_ghost_wrathful_warriors, minmay_shattered_shrine,
          infiniplex_staircase_pool
Lair:3:   beast_lair_carwin_large_1, layout_regular_city, swamp_mist_pool,
          small_statue_intersection, minivault_11, uniq_nessos
Lair:4:   onia_ninara_swampy_vault, layout_regular_city, portal_ice_cave_rime,
          beast_lair_carwin_3
IceCv:    ice_cave_small_demon

Skill      XL: |  1  2  3  4  5  6  7  8  9 10 11 12 13 |
---------------+----------------------------------------+-----
Fire Magic     | 3 4 6 7 8 9 10 12 | 12.0
Dodging        | 2 5 6 7 |  7.8
Stealth        | 2 3 6 7 8 |  8.4
Spellcasting   | 3 4 5 7 8 9 10 12 13 | 13.7
Conjurations   | 2 3 |  3.2
Fighting       | 4 5 6 |  6.6
Short Blades   | 3 4 5 |  5.4
Armour         | 2 |  2.9
Throwing       | |  0.1
Hexes          | |  0.7
Ice Magic      | |  0.1
Evocations     | |  0.1

Action                   |  1- 3 |  4- 6 |  7- 9 | 10-12 | 13-15 || total
-------------------------+-------+-------+-------+-------+-------++-------
Melee: Unarmed           |    12 |       |       |       |       ||    12
       Dagger            |    26 |    10 |     1 |       |       ||    37
       Short sword       |       |     7 |    26 |    48 |    28 ||   109
       Punch             |       |       |     1 |     2 |     1 ||     4
       Kick              |       |       |       |    21 |     7 ||    28
Throw: Dart              |       |       |       |     4 |       ||     4
 Cast: Foxfire           |    47 |   117 |       |    78 |     6 ||   248
       Scorch            |    18 |    54 |    75 |   342 |   234 ||   723
       Flame Wave        |       |       |       |     7 |    11 ||    18
       Tukima's Dance    |       |       |       |     2 |       ||     2
       Conjure Flame     |       |       |       |     1 |       ||     1
       Mephitic Cloud    |       |       |       |     1 |     2 ||     3
       Ensorcelled Hiber |       |       |       |     1 |       ||     1
       Stone Arrow       |       |       |       |       |     3 ||     3
Evoke: Wand              |       |       |       |     2 |     5 ||     7
  Use: Potion            |       |     1 |     6 |     9 |     4 ||    20
       Scroll            |       |       |    12 |    13 |     9 ||    34
 Stab: Sleeping          |     3 |     1 |     2 |     1 |       ||     7
       Invisible         |       |       |       |     2 |       ||     2
Armor: Robe              |    19 |     6 |    14 |     3 |       ||    42
       Swamp dragon scal |       |       |       |    64 |       ||    64
       Troll leather arm |       |       |       |    48 |    93 ||   141
Dodge: Dodged            |    28 |    30 |    27 |   241 |   261 ||   587
